 Dungeon Crawl Stone Soup version 0.23-a0-404-g0063841 (webtiles) character file.

8183 Jeffwins the Slicer (level 11, -11/75 HPs)
             Began as an Octopode Gladiator on Nov 5, 2018.
             Was a Believer of Ashenzari.
             Killed themself with a badly aimed iceblast (14 damage)
             ... on level 10 of the Dungeon.
             The game lasted 00:16:48 (9703 turns).

Jeffwins the Slicer (Octopode Gladiator)            Turns: 9703, Time: 00:16:49

Health: -11/75     AC:  4    Str: 13    XL:     11   Next: 26%
Magic:  5/11       EV: 16    Int: 14    God:    Ashenzari [**....]
Gold:   554        SH: 14    Dex: 14    Spells: 10/10 levels left

rFire    . . .     SeeInvis .   m - +2 rapier (drain) (curse)
rCold    . . .     Gourm    .   g - +0 shield (curse)
rNeg     . . .     Faith    .   b - +0 hat
rPois    +         Spirit   .   J - +4 amulet of reflection
rElec    .         Reflect  +   Q - ring of stealth
rCorr    .         Harm     .   O - +3 ring of protection
MR       .....                  q - ring of stealth
Stlth    +++++++...             P - ring of poison resistance
HPRegen  0.22/turn              (no ring)
MPRegen  0.12/turn              (no ring)
                                (no ring)
                                (no ring)

@: no status effects
A: almost no armour, stealthy swim, amphibious, 8 rings, constrict 8, camouflage
1, wild magic 1, gelatinous body 1, MP-powered wands
a: Curse Item, Scrying, Renounce Religion


You were on level 10 of the Dungeon.
You worshipped Ashenzari.
Ashenzari was pleased with you.
You were not hungry.

You visited 2 branches of the dungeon, and saw 11 of its levels.

You collected 554 gold pieces.


Innate Abilities, Weirdness & Mutations

You cannot wear most types of armour.
You are very stealthy in the water. (Stealth+)
You are amphibious.
You can wear up to eight rings at the same time.
You can use your tentacles to constrict eight enemies at once.
Your skin changes colour to match your surroundings (Stealth+).
Your rubbery body absorbs attacks. (AC +1, EV +1)
Your spells are a little harder to cast, but a little more powerful.
You expend magic power (3 MP) to strengthen your wands.


   Skills:
 + Level 7.2 Fighting
 * Level 9.9(12.0) Short Blades
 - Level 3.7 Polearms
 - Level 2.0 Throwing
 + Level 7.7 Dodging
 + Level 9.5 Stealth
 + Level 6.8(8.3) Shields


You had 10 spell levels left.
You didn't know any spells.
Your spell library was empty.

Inventory:

Hand Weapons
 a - a +0 trident
 m - a cursed +2 rapier of draining (weapon)
 w - a +2 hand crossbow of flaming
 F - a +0 hunting sling
Missiles
 c - 3 throwing nets {=f}
 f - 355 stones (quivered)
 j - 17 bolts
 p - 163 sling bullets
 s - 93 poisoned needles
 y - 2 tomahawks
 B - 151 arrows
Armour
 b - a +0 hat (worn)
 g - a cursed +0 shield (worn)
 G - a +2 buckler
Jewellery
 q - a ring of stealth (on tentacle)
 J - a +4 amulet of reflection (around mantle)
 O - a +3 ring of protection (right tentacle)
 P - a ring of poison resistance (on tentacle)
 Q - a ring of stealth (left tentacle)
Wands
 d - a wand of random effects (10)
 o - a wand of iceblast (3)
 I - a wand of digging (2)
Scrolls
 h - 4 scrolls of enchant armour
 i - 6 scrolls of enchant weapon
 l - 4 scrolls of remove curse {@r2}
 n - 4 scrolls of amnesia
 r - a scroll of blinking
 u - a scroll of fog
 v - 6 scrolls of teleportation {@r4}
 D - 2 scrolls of immolation {!r}
 E - 4 scrolls of fear {unknown}
 H - a scroll of magic mapping
Potions
 k - a potion of haste {@q3}
 x - a potion of might
 A - 4 potions of mutation {!q}
 C - 3 potions of flight
 L - 2 potions of curing {@q1}
 M - 3 potions of lignification {unknown}
Comestibles
 e - 25 rations {@e1}
 t - 8 chunks of flesh

Dungeon Overview and Level Annotations

Branches:
Dungeon (10/15)            Temple (1/1) D:4
   Lair: D:8-11         Orc: D:9-12

Altars:
Ashenzari
Cheibriados
Dithmenos
Elyvilon
Fedhas
Gozag
Hepliaklqana
Kikubaaqudgha
Makhleb
Nemelex Xobeh
Okawaru
Qazlal
Ru
Sif Muna
Trog
Uskayaw
Vehumet
Wu Jian
Xom
Yredelemnul
Zin
The Shining One

Shops:
D:8

( .###.....#....<..#
.....#..##......##
.....#..#.......##
.....##..........###
...................# ***
.......#.###.....#### #
.###...#............#...
*
..*###.........))(......
. , ,
..........@......., . ,
..........){...... * *
#...<#............
...#{####...##.... , ...
#.... .... , , ......
..# , ...... .# , , ,,
.....#.. , , ,,


There were no monsters in sight!


Message History

* * * LOW HITPOINT WARNING * * *
Something hits you!
* * * LOW HITPOINT WARNING * * *
Unknown command.
You feel better. Something hits you.
* * * LOW HITPOINT WARNING * * *
Evoke which item? (* to show all) (? for menu, Esc to quit)
Aiming: Iceblast
Press: ? - help, Shift-Dir - straight line The mass of ice explodes!
The iceblast engulfs something.
You feel a surge of power!
You hear a bark!
You hear a shout! x2
Something hits you!
* * * LOW HITPOINT WARNING * * *
Unknown command.
Evoke which item? (* to show all) (? for menu, Esc to quit)
Aiming: Iceblast
Press: ? - help, Shift-Dir - straight line The mass of ice explodes!
The iceblast engulfs something.
You feel a surge of power!
You hear a shout!
You hear a bark!
Something hits you.
* * * LOW HITPOINT WARNING * * *
Unknown command.
Evoke which item? (* to show all) (? for menu, Esc to quit)
Aiming: Iceblast
Press: ? - help, Shift-Dir - straight line The mass of ice explodes!
The iceblast engulfs something.
The iceblast engulfs you!
You die...

Skill      XL: |  1  2  3  4  5  6  7  8  9 10 |
---------------+-------------------------------+-----
Short Blades   | 1 2 3 4 6 7 9 |  9.9
Shields        | 1 2 3 4 5 6 |  6.8
Fighting       | 3 4 5 7 |  7.2
Stealth        | 1 2 4 5 7 9 |  9.5
Dodging        | 4 5 6 7 |  7.7
Polearms       | |  3.7
Throwing       | |  2.0

Action                   |  1- 3 |  4- 6 |  7- 9 | 10-12 || total
-------------------------+-------+-------+-------+-------++-------
Melee: Trident           |    71 |       |       |       ||    71
       Constrict         |    20 |    16 |    38 |    35 ||   109
       Tentacles         |    11 |     5 |    38 |    36 ||    90
       Rapier            |    25 |    77 |   193 |   238 ||   533
Invok: Curse Item        |       |     1 |       |       ||     1
Evoke: Wand              |       |       |       |     2 ||     2
  Use: Scroll            |     2 |       |       |    11 ||    13
       Potion            |       |       |     6 |     3 ||     9
 Stab: Sleeping          |     5 |     5 |    21 |    14 ||    45
       Distracted        |       |     2 |       |     1 ||     3
  Eat: Chunk             |     1 |     7 |     9 |     7 ||    24
       Ration            |       |     1 |       |       ||     1
Armor: Skin              |     4 |     5 |    14 |    11 ||    34
Dodge: Dodged            |    38 |    23 |    75 |    56 ||   192
Block: Shield            |    23 |    29 |    69 |   125 ||   246
       Reflection        |       |       |       |     2 ||     2

Vault maps used:
D:1:      dpeg_arrival_prison, corexii_corridor_pit, minmay_hexomino_r4
D:2:      overflow_temple_1_default, grunt_dithmenos_smoke
D:3:      bloody_makhleb, nicolae_gozag_seed_capital
D:4:      elyvilon_altar_5, minmay_temple_entry_fiery, first_ration,
          minmay_misc_feat_plants
D:5:      uniq_edmund
D:6:      bloody_trog, nicolae_ru_path_of_blood
D:7:      uniq_menkaure
D:8:      serial_shops, nicolae_shop_stone, hangedman_ranch,
          kennysheep_decorative_pillar, small_statue_intersection
D:9:      marbit_many_paths, yredelemnul_forgotten_temple_becter,
          ebering_ghost_xom, yredelemnul_altar_generic
Temple:   eino_temple_scatter_basement

Notes
Turn   | Place    | Note
-------+----------+-------------------------------------------
     0 | D:1      | Jeffwins the Octopode Gladiator began the quest for the
                  | Orb.
     0 | D:1      | Reached XP level 1. HP: 14/14 MP: 1/1
    68 | D:1      | Reached XP level 2. HP: 6/19 MP: 2/2
   276 | D:1      | Found a deep blue altar of Sif Muna.
   468 | D:1      | Reached XP level 3. HP: 19/25 MP: 3/3
  1230 | D:2      | Found a stormy altar of Qazlal.
  1275 | D:2      | Reached XP level 4. HP: 7/30 MP: 4/4
  1385 | D:2      | Reached skill level 1 in Short Blades
  1385 | D:2      | Reached skill level 1 in Shields
  1884 | D:2      | Found a shadowy altar of Dithmenos.
  2306 | D:3      | Reached XP level 5. HP: 17/36 MP: 5/5
  2655 | D:3      | Found an opulent altar of Gozag.
  2936 | D:3      | Found a burning altar of Makhleb.
  3177 | D:4      | Reached skill level 3 in Fighting
  3177 | D:4      | Reached skill level 2 in Short Blades
  3570 | D:4      | Found a white marble altar of Elyvilon.
  3694 | D:4      | Reached skill level 1 in Stealth
  3892 | D:4      | Reached skill level 2 in Shields
  3892 | D:4      | Reached XP level 6. HP: 42/42 MP: 6/6
  3902 | D:4      | Found a staircase to the Ecumenical Temple.
  3908 | Temple   | Entered the Ecumenical Temple
  4061 | Temple   | Became a worshipper of Ashenzari the Shackled
  4126 | D:5      | Entered Level 5 of the Dungeon
  4264 | D:5      | Noticed Edmund
  4278 | D:5      | Killed Edmund
  4278 | D:5      | Reached skill level 3 in Short Blades
  4278 | D:5      | Reached skill level 4 in Dodging
  4278 | D:5      | Reached skill level 2 in Stealth
  4337 | D:5      | Reached XP level 7. HP: 46/46 MP: 7/7
  4729 | D:6      | Reached skill level 3 in Stealth
  4736 | D:6      | Gained mutation: Your spells are a little harder to cast,
                  | but a little more powerful. [potion of mutation]
  4736 | D:6      | Gained mutation: You expend magic power (3 MP) to
                  | strengthen your wands. [potion of mutation]
  5005 | D:6      | Reached skill level 4 in Short Blades
  5120 | D:6      | Found a bloodstained altar of Trog.
  5215 | D:6      | Reached * piety under Ashenzari
  5216 | D:6      | Reached skill level 3 in Shields
  5253 | D:6      | Reached skill level 4 in Fighting
  5258 | D:6      | Reached skill level 4 in Stealth
  5264 | D:6      | Reached XP level 8. HP: 19/54 MP: 8/8
  5686 | D:6      | Reached skill level 5 in Dodging
  5688 | D:6      | Reached skill level 5 in Short Blades
  6023 | D:6      | Found a sacrificial altar of Ru.
  6160 | D:7      | Reached skill level 5 in Stealth
  6302 | D:7      | Reached skill level 4 in Shields
  6340 | D:7      | Noticed Menkaure
  6378 | D:7      | Killed Menkaure
  6378 | D:7      | Reached skill level 6 in Short Blades
  6378 | D:7      | Reached XP level 9. HP: 60/60 MP: 9/9
  6444 | D:7      | Reached skill level 5 in Fighting
  6476 | D:7      | Reached skill level 6 in Stealth
  7265 | D:8      | Reached ** piety under Ashenzari
  7351 | D:8      | Reached skill level 7 in Short Blades
  7351 | D:8      | Reached skill level 6 in Dodging
  7376 | D:8      | Reached skill level 5 in Shields
  7388 | D:8      | Reached skill level 7 in Stealth
  7399 | D:8      | Reached XP level 10. HP: 43/68 MP: 10/10
  7537 | D:8      | Noticed a three-headed hydra
  7544 | D:8      | Killed a three-headed hydra
  7544 | D:8      | Reached skill level 6 in Fighting
  7544 | D:8      | Reached skill level 8 in Short Blades
  7544 | D:8      | Reached skill level 8 in Stealth
  7701 | D:8      | Found Faac Poc's Antique Weapon Boutique.
  7989 | D:9      | Found a basalt altar of Yredelemnul.
  8164 | D:9      | Reached skill level 7 in Dodging
  8383 | D:9      | Found a runed door.
  8384 | D:9      | Found a shimmering altar of Xom.
  8384 | D:9      | Noticed Pooter's ghost (journeyman MiBe)
  8385 | D:9      | Noticed a glowing rapier
  8413 | D:9      | Killed Pooter's ghost
  8413 | D:9      | Reached skill level 9 in Short Blades
  8413 | D:9      | Reached skill level 6 in Shields
  8420 | D:9      | Killed a rapier of chaos
  8420 | D:9      | Reached skill level 9 in Stealth
  8699 | D:9      | Reached skill level 7 in Fighting
  8699 | D:9      | Reached XP level 11. HP: 72/75 MP: 11/11
  8906 | D:9      | Found a basalt altar of Yredelemnul.
  8955 | D:9      | Found an opulent altar of Gozag.
  9012 | D:10     | Entered Level 10 of the Dungeon
  9699 | D:10     | HP: 7/75 [something (8)]
  9702 | D:10     | HP: 3/75 [something (3)]
  9703 | D:10     | Killed themself with a badly aimed iceblast

Vanquished Creatures
  The ghost of Pooter the Fighter, a journeyman MiBe of Trog (D:9)
  A hydra (D:8)
  A dancing weapon (D:9)
  2 dream sheep (D:8)
  2 hippogriffs
  6 yaks
  Menkaure (D:7)
  Edmund (D:5)
  A water moccasin (D:10)
  4 orc warriors
  2 ice beasts (D:8)
  A sky beast (D:8)
  A black bear (D:8)
  A necrophage (D:9)
  4 ogres
  4 centaurs
  3 crocodiles
  5 big kobolds
  3 bullfrogs
  3 killer bees (D:9)
  3 scorpions
  11 wights
  A howler monkey (D:10)
  5 crimson imps
  2 hounds
  5 orc priests
  A bullfrog skeleton (D:5)
  A centaur skeleton (D:9)
  An iguana (D:8)
  7 orc wizards
  9 worker ants
  A hound skeleton (D:10)
  A hound zombie (D:7)
  A howler monkey zombie (D:8)
  A worker ant zombie (D:9)
  16 adders
  A shadow imp (D:7)
  An ooze (D:1)
  An adder skeleton (D:4)
  3 worms
  2 dart slugs
  5 leopard geckos
  30 orcs
  A ball python (D:3)
  5 giant cockroaches
  8 goblins
  9 hobgoblins
  7 jackals (D:2)
  12 kobolds
  3 quokkas
  7 bats
  2 frilled lizards
  A leopard gecko skeleton (D:4)
  2 quokka skeletons
  A quokka zombie (D:9)
  9 rats
  A spectral orc (D:9)
224 creatures vanquished.

Table legend:
 A = Turns spent in this place as a percentage of turns spent in the entire game.
 B = Non-inter-level travel turns spent in this place as a percentage of non-inter-level travel turns spent in the entire game.
 C = Inter-level travel turns spent in this place as a percentage of turns spent in this place.
 D = Turns resting spent in this place as a percentage of non-inter-level travel turns spent in this place.
 E = Turns spent auto-exploring this place as a percentage of non-inter-level travel turns spent in this place.
 F = Non-inter-level travel turns spent in this place divided by the number of levels of this place that you've seen.
                   A       B       C       D       E      F
               +-------+-------+-------+-------+-------+----------------------
         Total | 100.0 | 100.0 |   2.8 |  36.4 |  46.7 | 857.8
       Dungeon |  98.2 |  98.6 |   2.4 |  36.9 |  46.0 | 930.1
        Temple |   1.8 |   1.4 |  21.5 |   0.0 |  97.0 | 135.0
               +-------+-------+-------+-------+-------+----------------------

Table legend:
 A = Non-vault XP
 B = Vault XP
 C = Vault XP percentage of total XP
 D = Non-vault monster count
 E = Vault monster count
 F = Vault count percentage of total count
                 A         B        C        D         E       F
            +---------+---------+-------+---------+---------+-------
      Total |    7116 |    4574 |  39.1 |     205 |      19 |   8.5
            +---------+---------+-------+---------+---------+-------
        D:1 |      47 |      11 |  19.0 |      25 |       5 |  16.7
        D:2 |     104 |       0 |   0.0 |      30 |       0 |   0.0
        D:3 |      40 |       0 |   0.0 |       8 |       0 |   0.0
        D:4 |     138 |       0 |   0.0 |       6 |       0 |   0.0
        D:5 |     287 |     166 |  36.6 |       8 |       1 |  11.1
        D:6 |     950 |       0 |   0.0 |      26 |       0 |   0.0
        D:7 |    1113 |     172 |  13.4 |      21 |       1 |   4.5
        D:8 |     972 |    2227 |  69.6 |      20 |       8 |  28.6
        D:9 |    1870 |    1998 |  51.7 |      34 |       4 |  10.5
       D:10 |    1595 |       0 |   0.0 |      27 |       0 |   0.0
            +---------+---------+-------+---------+---------+-------
